 Dungeon Crawl Stone Soup version 0.28-a0-385-g79de503ca0 (webtiles) character file.

Game seed: 3697640276868683546

133 MacCMillion the Digger (level 5, 28/28 HPs)
             Began as a Gargoyle Earth Elementalist on Sept 3, 2021.
             Was a Believer of Zin.
             Quit the game on level 3 of the Dungeon.
             The game lasted 00:08:52 (3088 turns).

MacCMillion the Digger (GrEE)                       Turns: 3088, Time: 00:08:52

Health: 28/28      AC:  6    Str: 11    XL:     5   Next: 16%
Magic:  8/8        EV: 12    Int: 17    God:    Zin [**....]
Gold:   117        SH:  0    Dex: 10    Spells: 5/8 levels left

rFire   . . .      SeeInvis .   j - +0 whip
rCold   . . .      Faith    .   (no shield)
rNeg    + . .      Spirit   .   b - +0 robe
rPois   ∞          Reflect  .   (no helmet)
rElec   +          Harm     .   (no cloak)
rCorr   .          Rampage  .   (no gloves)
Will    .....                   (no boots)
Stlth   ++........              (no amulet)
HPRegen 0.09/turn               e - ring of flight
MPRegen 0.11/turn               (no ring)

@: flying
A: sickness immunity, AC +4, negative energy resistance 1, electricity
resistance, torment resistance 1, petrification resistance
a: Renounce Religion, Recite, Vitalisation, Donate Gold


You were on level 3 of the Dungeon.
You worshipped Zin.
Zin was pleased with you.
You visited 1 branch of the dungeon, and saw 3 of its levels.

You collected 129 gold pieces.
You donated 12 gold pieces to Zin.

Inventory:

Hand Weapons
 a - a +0 club
 f - a +0 dagger
 j - a +0 whip (weapon)
Missiles
 c - 20 stones
Armour
 b - a +0 robe (worn)
Jewellery
 e - a ring of flight (left hand)
Wands
 l - a wand of flame (21)
Scrolls
 g - a scroll of torment {unknown}
 i - a scroll of summoning {unknown}
Potions
 d - a potion of degeneration {unknown}
 h - a potion of brilliance {unknown}
 k - a potion of curing {unknown}


   Skills:
 + Level 1.9 Maces & Flails
 - Level 1.8 Dodging
 - Level 2.3 Stealth
 - Level 2.3 Spellcasting
 - Level 1.0 Transmutations
 + Level 5.7 Earth Magic


You had 5 spell levels left.
You knew the following spells:

 Your Spells              Type           Power      Damage    Failure   Level
a - Sandblast             Erth           42%        2d11      1%          1
b - Passwall              Tmut/Erth      10%        N/A       7%          2

Your spell library contained the following spells:

 Spells                   Type           Power      Damage    Failure   Level
 Stone Arrow              Conj/Erth      22%        3d8       17%         3
 Summon Small Mammal      Summ           4%         N/A       19%         1
 Petrify                  Tmut/Erth      13%        N/A       43%         4
 Call Canine Familiar     Summ           1%         N/A       50%         3
 Summon Guardian Golem    Hex/Summ       1%         N/A       50%         3


Dungeon Overview and Level Annotations

Branches:
Dungeon (3/15)

Altars:
Zin

Annotations:
D:3 Robin


Innate Abilities, Weirdness & Mutations

You are immune to sickness and miasma.
Your stone body is resilient. (AC +4)
You are immune to poison.
You resist negative energy. (rN+)
You are resistant to electric shocks. (rElec)
You are resistant to unholy torment.
You are immune to petrification.


Message History

The blast of sand hits the hound!
You kill the hound!
Your Maces & Flails skill increases to level 1!
There are no items here.
You can't see any susceptible monsters within range! (Use Z to cast anyway.)
The blast of sand hits the worm.
The worm is moderately wounded.
The blast of sand hits the worm.
The worm is heavily wounded.
The blast of sand hits the worm!
You kill the worm!
You start resting.
Magic restored.
HP restored.
You see here a worm corpse.
A frilled lizard comes into view.
A frilled lizard is nearby!
Found 15 gold pieces.
Jessica the Apprentice Sorceress comes into view.
She is wielding a +0 dagger and carrying a wand of flame (21).
The frilled lizard hisses angrily.
You hear a shout!
You start waiting.
A frilled lizard is nearby!
You closely miss the frilled lizard.
The frilled lizard bites you but does no damage.
You hit the frilled lizard.
You kill the frilled lizard!
Jessica gestures wildly while chanting.
Jessica blinks!
You start waiting.
Jessica is nearby!
The blast of sand hits Jessica!
You kill Jessica!
You have reached level 5!
l - a wand of flame (21)
Things that are here:
a +0 dagger; a +0 robe Magic restored.
A kobold comes into view. It is wielding a +0 whip of flaming.
You see here 15 gold pieces.
Are you sure you want to abandon this character and quit the game? (Confirm with "yes".)

#.............
......#.##....K.
###w.##w# ##... ##.##..
.... ##†###. ... . #
##.## .# #... .#. ###.##
# #. .## #.. .#.##
#.##.###.# #.##
#.##@.#.# #.# ##
#.......# #.# #..
#.......#
#w####.######.......##.
#.......................
#.####.######.......##..
#.###...## ##.......# .
#.##.....###........#
#......†..)...........


You could see a kobold (asleep).

Vanquished Creatures
  A hound (D:3)
  Jessica (D:3)
  3 adders
  2 worms
  A dart slug (D:1)
  2 endoplasms (D:2)
  2 giant cockroaches
  4 goblins
  3 hobgoblins
  2 jackals (D:1)
  5 kobolds
  3 quokkas
  3 ball pythons (D:1)
  3 bats
  6 frilled lizards
  3 rats
44 creatures vanquished.

Notes
Turn   | Place    | Note
-------+----------+-------------------------------------------
     0 | D:1      | MacCMillion the Gargoyle Earth Elementalist began the quest
                  | for the Orb.
     0 | D:1      | Reached XP level 1. HP: 10/10 MP: 3/3
   249 | D:1      | Reached XP level 2. HP: 8/15 MP: 1/5
   527 | D:1      | Reached skill level 4 in Earth Magic
   829 | D:1      | You are sucked into a shaft and drop 1 floor!
   924 | D:2      | Reached skill level 1 in Transmutations
   924 | D:2      | Reached XP level 3. HP: 10/19 MP: 4/6
   927 | D:2      | Learned a level 2 spell: Passwall
  1713 | D:2      | Found a faded altar of an unknown god.
  1738 | D:2      | Became a worshipper of Zin the Law-Giver
  1738 | D:2      | Reached * piety under Zin
  2059 | D:2      | Reached skill level 5 in Earth Magic
  2080 | D:2      | Reached XP level 4. HP: 19/24 MP: 2/7
  2207 | D:2      | Reached ** piety under Zin
  2647 | D:3      | Noticed Robin
  2931 | D:3      | Reached skill level 1 in Maces & Flails
  3041 | D:3      | Noticed Jessica
  3061 | D:3      | Killed Jessica
  3062 | D:3      | Reached XP level 5. HP: 28/28 MP: 6/8
  3088 | D:3      | Quit the game

Illustrated notes

Levels and vault maps discovered:
D:1:      roderic_chinese_lattice_arrival, layout_basic
D:2:      layout_basic, serial_rivers, chequers_serial_rivers_micro_e,
          chequers_serial_rivers_small_3, chequers_serial_rivers_marsh,
          chequers_serial_rivers_large_a, chequers_serial_rivers_micro_c,
          basic_ecumenical_altar
D:3:      layout_loops_ring, serial_rivers, chequers_serial_rivers_micro_d,
          chequers_serial_rivers_small_3, chequers_serial_rivers_micro_a,
          chequers_serial_rivers_small_a, chequers_serial_rivers_room_b,
          minmay_strange_pillars, uniq_jessica, uniq_robin

Skill      XL: |  1  2  3  4 |
---------------+-------------+-----
Earth Magic    | 4 5 |  5.7
Transmutations | 1 |  1.0
Maces & Flails | 1 |  1.9
Dodging        | |  1.8
Stealth        | |  2.3
Spellcasting   | |  2.3

Action                   |  1- 3 |  4- 6 || total
-------------------------+-------+-------++-------
Melee: Club              |    48 |       ||    48
       Unarmed           |     1 |       ||     1
       Dagger            |   120 |     5 ||   125
       Whip              |       |    49 ||    49
 Cast: Sandblast         |    17 |     9 ||    26
 Stab: Sleeping          |     2 |       ||     2
Armor: Robe              |    68 |    24 ||    92
Dodge: Dodged            |   114 |    46 ||   160

Table legend: (Time is in decaauts)
 A = Elapsed time spent in this place.
 B = Non-inter-level travel time spent in this place.
 C = Inter-level travel time spent in this place.
 D = Time resting spent in this place.
 E = Time spent auto-exploring this place.
 F = Levels seen in this place.
 G = Mean time per level.
                   A        B        C        D        E       F      G
               +--------+--------+--------+--------+--------+-----+--------+
         Total |   3104 |   3050 |     54 |    958 |   1335 |   3 | 1034.7 |
       Dungeon |   3104 |   3050 |     54 |    958 |   1335 |   3 | 1034.7 |
               +--------+--------+--------+--------+--------+-----+--------+

Top non-repeatable levels by time:
     D:2: 1624 daAuts
     D:1: 841 daAuts
     D:3: 638 daAuts
